 Dungeon Crawl Stone Soup version 0.26.0-16-gc1dbca0489 (webtiles) character file.

Game seed: 11614068712961000800

506 thiole the Sneak (level 7, -2/43 HPs)
             Began as an Octopode Hedge Wizard on Jan 21, 2021.
             Was an Initiate of Gozag.
             Killed from afar by an orc wizard (10 damage)
             ... with a puff of flame
             ... on level 5 of the Dungeon.
             The game lasted 00:07:16 (5755 turns).

thiole the Sneak (Octopode Hedge Wizard)            Turns: 5755, Time: 00:07:17

Health: -2/43      AC:  1    Str:  9    XL:     7   Next: 18%
Magic:  3/14       EV: 13    Int: 18    God:    Gozag
Gold:   314        SH:  0    Dex: 12    Spells: 7/15 levels left

rFire    . . .     SeeInvis .   h - +1 mace (protect)
rCold    . . .     Faith    .   (no shield)
rNeg     . . .     Spirit   .   b - +0 hat
rPois    .         Reflect  .   (no amulet)
rElec    .         Harm     .   (no ring)
rCorr    .         Rampage  .   (no ring)
Will     .....                  (no ring)
Stlth    ++++......             (no ring)
HPRegen  0.14/turn              (no ring)
MPRegen  0.14/turn              (no ring)
                                (no ring)
                                (no ring)

@: gold aura
A: almost no armour, stealthy swim, amphibious, 8 rings, constrict 8, camouflage
1, gelatinous body 1
a: Renounce Religion, Potion Petition, Call Merchant, Bribe Branch


You were on level 5 of the Dungeon.
You worshipped Gozag.
Gozag was aware of your devotion.
You visited 2 branches of the dungeon, and saw 6 of its levels.

You collected 411 gold pieces.
You paid 97 gold pieces to Gozag.

Inventory:

Hand Weapons
 a - a +0 dagger
 h - a +1 mace of protection (weapon)
Armour
 b - a +0 hat (worn)
Wands
 o - a wand of iceblast (10)
Scrolls
 c - a scroll of noise {unknown}
 e - a scroll of immolation {unknown}
 f - 5 scrolls of identify {unknown}
 i - a scroll of fear {unknown}
Potions
 d - a potion of lignification {unknown}
 g - a potion of curing {unknown}
 j - a potion of attraction {unknown}
 k - a potion of might {unknown}
 l - a potion of resistance {unknown}
 m - a potion of mutation {unknown}
 n - 3 potions of brilliance {unknown}
 p - a potion of haste {unknown}


   Skills:
 + Level 1.4 Fighting
 - Level 2.0 Dodging
 + Level 6.3 Stealth
 + Level 4.7 Spellcasting
 - Level 2.0 Conjurations
 + Level 1.5 Hexes
 - Level 2.0 Summonings
 - Level 1.0 Translocations
 * Level 2.3 Air Magic


You had 7 spell levels left.
You knew the following spells:

 Your Spells              Type           Power        Failure   Level
a - Magic Dart            Conj           44%          6%          1
b - Call Imp              Summ           11%          9%          2
c - Slow                  Hex            9%           11%         2
d - Mephitic Cloud        Conj/Pois/Air  9%           22%         3

Your spell library contained the following spells:

 Spells                   Type           Power        Failure   Level
 Blink                    Tloc           N/A          14%         2
 Conjure Flame            Conj/Fire      7%           26%         3


Dungeon Overview and Level Annotations

Branches:
Dungeon (5/15)             Temple (1/1) D:4

Altars:
Cheibriados
Dithmenos
Elyvilon
Fedhas
Gozag
Kikubaaqudgha
Makhleb
Nemelex Xobeh
Okawaru
Qazlal
Ru
Trog
Uskayaw
Vehumet
Wu Jian
Xom
Yredelemnul
Zin


Innate Abilities, Weirdness & Mutations

You cannot wear most types of armour.
You are very stealthy in the water. (Stealth+)
You are amphibious.
You can wear up to eight rings at the same time.
You can use your tentacles to constrict eight enemies at once.
Your skin changes colour to match your surroundings (Stealth+).
Your rubbery body absorbs attacks. (AC +1, EV +1)


Message History

The orc priest mumbles some strange prayers to Beogh against you.
Beogh smites you!
* * * LOW HITPOINT WARNING * * *
Your magical contamination has completely faded away.
Found a war axe.
You hit the orc but do no damage.
Your weapon exudes an aura of protection.
You grab the orc.
The orc is heavily wounded.
You constrict the orc, but do no damage.
The orc hits you with a +0 antimagic hand axe.
* * * LOW HITPOINT WARNING * * *
You sock the orc!
You kill the orc!
The orc wizard gestures at you while chanting.
You resist with some effort.
The orc wizard gestures at you while chanting.
The puff of flame hits you!
You die...
Your body crumbles into a pile of gold.

#######.#.##.####...#
##. #.#.##.# #.#..#
#.. $ #.......
......#...
###.##.#######....##
#.##.# ###.#. ##.##.#
#.#o ...#.# #.#.
#..#.# #.#. $
#@.#.##########.#.
#..#.##..oZoZoo...
###..#.##.######.##.
#)...o..$.....##.##.
#.#..########.##.##.
#.#..# #!##. # #...
#.##. #..# #<.#. ..##
##. #


You could see an orc wizard.

Vanquished Creatures
  An ogre (D:5)
  A bullfrog skeleton (D:4)
  A centaur skeleton (D:4)
  2 iguanas (D:4)
  6 gnolls
  2 adders
  An adder skeleton (D:4)
  A worm (D:3)
  A dart slug (D:2)
  6 leopard geckos
  10 orcs
  2 giant cockroaches (D:2)
  4 goblins
  9 hobgoblins
  8 jackals
  5 kobolds
  6 quokkas
  A ball python (D:2)
  4 bats
  5 frilled lizards
  11 rats
87 creatures vanquished.

Vanquished Creatures (collateral kills)
  An ice beast (D:5)
  An ogre (D:4)
  An iguana (D:4)
  A gnoll (D:4)
  A giant cockroach (D:5)
5 creatures vanquished.

Grand Total: 92 creatures vanquished

Notes
Turn   | Place    | Note
-------+----------+-------------------------------------------
     0 | D:1      | thiole the Octopode Hedge Wizard began the quest for the
                  | Orb.
     0 | D:1      | Reached XP level 1. HP: 11/11 MP: 4/4
   159 | D:1      | Reached XP level 2. HP: 17/17 MP: 1/6
   162 | D:1      | Learned a level 2 spell: Call Imp
   165 | D:1      | Learned a level 2 spell: Slow
   223 | D:1      | Reached skill level 3 in Stealth
   832 | D:1      | Reached XP level 3. HP: 18/21 MP: 5/7
   836 | D:1      | Learned a level 3 spell: Mephitic Cloud
  2031 | D:2      | Reached XP level 4. HP: 27/27 MP: 6/9
  2199 | D:2      | Found a white marble altar of Elyvilon.
  2206 | D:2      | Became a worshipper of Elyvilon the Healer
  2499 | D:3      | Reached skill level 4 in Stealth
  2642 | D:3      | Found a shimmering altar of Xom.
  2730 | D:3      | Found a bloodstained altar of Trog.
  2808 | D:3      | Reached * piety under Elyvilon
  3313 | D:3      | Reached XP level 5. HP: 14/31 MP: 4/10
  3820 | D:4      | Reached skill level 5 in Stealth
  4131 | D:4      | Noticed an ogre
  4153 | D:4      | Found a staircase to the Ecumenical Temple.
  4161 | Temple   | Entered the Ecumenical Temple
  4286 | Temple   | Fell from the grace of Elyvilon
  4286 | Temple   | Became a worshipper of Gozag Ym Sagoz the Greedy
  4502 | D:4      | Noticed an ogre
  4516 | D:4      | Killed an ogre
  4517 | D:4      | Reached XP level 6. HP: 37/37 MP: 2/12
  4730 | D:4      | Reached skill level 1 in Air Magic
  5055 | D:4      | Reached skill level 1 in Hexes
  5202 | D:4      | Noticed a phantom
  5373 | D:5      | Entered Level 5 of the Dungeon
  5373 | D:5      | Noticed an ice beast
  5389 | D:5      | Reached skill level 1 in Fighting
  5389 | D:5      | Reached skill level 6 in Stealth
  5389 | D:5      | Reached XP level 7. HP: 13/43 MP: 13/13
  5755 | D:5      | Killed from afar by an orc wizard

Illustrated notes

Levels and vault maps discovered:
D:1:      zaba_arrival_water, layout_basic
D:2:      layout_basic, elyvilon_altar_3
D:3:      layout_basic, bloody_trog, xom_teletrap_fun
D:4:      layout_loops_corners, temple_fountains
D:5:      layout_loops_ring, kennysheep_mini, cheibrodos_sewer_entry_bend,
          serial_shops, shop, kennysheep_generic_room_6
Temple:   regret_index_temple_sphere_string

Skill      XL: |  1  2  3  4  5  6 |
---------------+-------------------+-----
Stealth        | 3 4 5 6 |  6.3
Summonings     | 2 |  2.0
Conjurations   | 2 |  2.0
Spellcasting   | 4 |  4.7
Air Magic      | 2 |  2.3
Hexes          | 1 |  1.5
Fighting       | 1 |  1.4
Dodging        | |  2.0
Translocations | |  1.0

Action                   |  1- 3 |  4- 6 |  7- 9 || total
-------------------------+-------+-------+-------++-------
Melee: Dagger            |    37 |    48 |       ||    85
       Constrict         |    11 |    24 |     4 ||    39
       Tentacles         |     7 |    24 |     1 ||    32
       Mace              |       |    47 |    15 ||    62
 Cast: Magic Dart        |    85 |    83 |     4 ||   172
       Call Imp          |       |     9 |     8 ||    17
  Use: Potion            |       |     2 |       ||     2
 Stab: Sleeping          |       |     2 |       ||     2
       Distracted        |       |       |     1 ||     1
Armor: Skin              |     1 |    13 |     6 ||    20
Dodge: Dodged            |    17 |    59 |    12 ||    88
